 Dungeon Crawl Stone Soup version 0.29.0-4-gdea44cf6ec (webtiles) character file.

Game seed: 6036322373295215478

6859 qw the Severer (level 10, -11/91 HPs)
             Began as a Minotaur Berserker on Sept 10, 2022.
             Was an Elder of Trog.
             Killed from afar by a tengu conjurer (19 damage)
             ... with a bolt of lightning
             ... on level 9 of the Dungeon.
             The game lasted 00:03:12 (10822 turns).

qw the Severer (Minotaur Berserker)                Turns: 10822, Time: 00:03:12

Health: -11/91     AC: 16    Str: 27    XL:     10   Next: 78%
Magic:  9/9        EV: 12    Int:  4    God:    Trog [****..]
Gold:   987        SH: 10    Dex: 15    Spells: 9/9 levels left

rFire   . . .      SeeInvis .   Y - +1 war axe (flame)
rCold   . . .      Faith    .   f - +0 buckler
rNeg    . . .      Spirit   .   i - +3 plate armour
rPois   .          Reflect  +   (helmet restricted)
rElec   .          Harm     .   (no cloak)
rCorr   .          Rampage  .   (no gloves)
Will    .....                   (no boots)
Stlth   ..........              o - amulet of reflection
HPRegen 0.25/turn               h - +6 ring of dexterity
MPRegen 0.11/turn               d - +4 ring of evasion

@: about to teleport, spiked, on berserk cooldown, slowed, very slow
A: horns 2, retaliatory headbutt
a: Renounce Religion, Berserk, Trog's Hand, Brothers in Arms


You were on level 9 of the Dungeon.
You worshipped Trog.
Trog was greatly pleased with you.
You visited 1 branch of the dungeon, and saw 9 of its levels.

You collected 987 gold pieces.


Innate Abilities, Weirdness & Mutations

You have a pair of horns on your head.
You reflexively headbutt those who attack you in melee.


   Skills:
 - Level 9.6 Fighting
 - Level 15.4 Axes
 - Level 1.2 Throwing
 - Level 6.6 Armour
 + Level 3.3 Dodging
 - Level 5.2 Shields


You had 9 spell levels left.
You didn't know any spells.
Your spell library was empty.

Inventory:

Hand Weapons
 Y - a +1 war axe of flaming (weapon)
Armour
 f - a +0 buckler (worn)
 i - a +3 plate armour (worn)
Jewellery
 d - a +4 ring of evasion (right hand)
 h - a +6 ring of dexterity (left hand)
 o - an amulet of reflection (around neck)
Scrolls
 a - 7 scrolls of identify
 c - a scroll of immolation {unknown}
Potions
 b - 4 potions of curing
 g - 2 potions of resistance
 j - 2 potions of mutation
 l - a potion of haste
 n - 2 potions of cancellation

Dungeon Overview and Level Annotations

Branches:
Dungeon (9/15)             Temple (0/1) D:5
   Lair: D:8-11         Orc: D:9-12

Altars:
Ashenzari
Cheibriados
Hepliaklqana
Kikubaaqudgha
Makhleb
Qazlal
Sif Muna
Trog
Wu Jian
Yredelemnul

Shops:
D:6 :   D:8 *

Annotations:
D:1 2 transporters
D:9 1 runed translucent door, Pikel


Message History

The tengu conjurer is lightly wounded.
The tengu conjurer hits you but does no damage.
You block the tengu conjurer's attack.
The tengu conjurer claws you but does no damage.
You barely miss the tengu conjurer.
The tengu conjurer is lightly wounded.
You hit the manticore. You burn the manticore.
You hit the manticore but do no damage. You headbutt the manticore!
The manticore is heavily wounded.
You slash the tengu conjurer! You burn the tengu conjurer.
You block the tengu conjurer's attack. x2; The tengu conjurer claws you.
Pikel, Merchant of Souls comes into view.
He is wielding a +0 whip of freezing.
The manticore bites you but does no damage.
The manticore claws you. You block the manticore's attack.
You completely miss the manticore.
The manticore is heavily wounded.
You closely miss the tengu conjurer. You hit the manticore.
You burn the manticore.
The manticore is heavily wounded.
You miss the tengu conjurer.
The tengu conjurer gestures wildly while chanting.
The tengu conjurer blinks!
You block the manticore's attack. The manticore closely misses you.
The manticore claws you but does no damage.
You slash the manticore! You burn the manticore.
The manticore is severely wounded.
You slice the manticore!! You burn the manticore.
You kill the manticore!
Trog accepts your kill.
Your Fighting skill increases to level 9!
You barely miss the lemure.
You are no longer berserk.
You are exhausted.
You feel yourself slow down.
10822 ||| READING scroll of teleportation.
As you read the scroll of teleportation, it crumbles to dust.
You feel strangely unstable.
The tengu conjurer points at you and mumbles some strange words.
The bolt of lightning hits you!!
You die...

# ..#.##.##.#............
... 5
###.#.#.###.......... ...
. #.###.###.#......### #.#
#.........##...>.# #.# #
##...#########...### #.# .
#.......##..###...#####.#
#
#..#####....##.###.......#
# #.# ##.)......###......
#. #@).##### ###.... #
#J#..Q... +##.. #5#.#####
###.... # #K# . ###......
### ..# ## ###.......^
..### .## ###...#######
....### . ###.....#######
......## ?#
##.............. #####..#
#...........####


You could see a slime creature, Pikel, a tengu conjurer and a lemure.

Vanquished Creatures
  A catoblepas (D:9)
  A death knight (D:9)
  An ugly thing (D:9)
  2 manticores (D:9)
  Joseph (D:7)
  3 slime creatures (D:9)
  2 wyverns
  A steam dragon (D:7)
  An acid dragon (D:8)
  2 water moccasins
  An orc warrior (D:8)
  2 black bears
  2 ogres (D:5)
  5 centaurs
  A phantom (D:4)
  2 kobold brigands
  3 necrophages
  A gnoll sergeant (D:8)
  A scorpion (D:7)
  3 wights (D:7)
  6 killer bees (D:9)
  6 orc priests
  6 hounds
  3 jellies
  5 iguanas
  8 orc wizards
  3 gnolls (D:8)
  18 adders
  A shadow imp (D:6)
  3 white imps
  2 worms (D:3)
  5 dart slugs
  29 orcs
  5 endoplasms
  3 giant cockroaches (D:4)
  12 goblins
  13 hobgoblins
  2 jackals (D:5)
  6 quokkas
  10 ball pythons
  7 bats
  2 frilled lizards (D:1)
  17 kobolds
  3 rats (D:1)
211 creatures vanquished.

Vanquished Creatures (others)
  A kobold (D:3)
  4 plants (D:4)
5 creatures vanquished.

Grand Total: 216 creatures vanquished

Notes
Turn   | Place    | Note
-------+----------+-------------------------------------------
     0 | D:1      | qw the Minotaur Berserker began the quest for the Orb.
     0 | D:1      | Reached XP level 1. HP: 19/19 MP: 0/0
     0 | D:1      | 0 ||| qw: Version: 0.1-a-116-g5d60599
     0 | D:1      | 0 ||| qw: Game counter: 7581
     0 | D:1      | 0 ||| qw: Always use a shield: true
     0 | D:1      | 0 ||| qw: Do Orc after D:15 true
     0 | D:1      | 0 ||| qw: Do second Lair branch before Depths: true
     0 | D:1      | 0 ||| qw: Lair rune preference: random
     0 | D:1      | 0 ||| qw: Plans: Normal
     0 | D:1      | 0 ||| PLANNING D:1-11
    19 | D:1      | 19 ||| Stepping ~*~*~tactically~*~*~ (water).
   210 | D:1      | 210 ||| Stepping ~*~*~tactically~*~*~ (stealth).
   215 | D:1      | Reached skill level 4 in Axes
   219 | D:1      | 219 ||| Stepping ~*~*~tactically~*~*~ (stealth).
   227 | D:1      | Reached XP level 2. HP: 21/26 MP: 1/1
   584 | D:1      | Reached ** piety under Trog
   610 | D:1      | 610 ||| Stepping ~*~*~tactically~*~*~ (stealth).
   618 | D:1      | Reached skill level 5 in Axes
   678 | D:1      | 678 ||| Stepping ~*~*~tactically~*~*~ (stealth).
   774 | D:1      | Reached XP level 3. HP: 26/31 MP: 2/2
   914 | D:1      | Found a faded altar of an unknown god.
   971 | D:1      | 971 ||| Stepping ~*~*~tactically~*~*~ (stealth).
   973 | D:1      | 973 ||| Stepping ~*~*~tactically~*~*~ (stealth).
  1141 | D:1      | 1141 ||| UPGRADING to amulet of reflection.
  1146 | D:1      | 1146 ||| READING 3 scrolls labelled XIDAON ITOLYFF.
  1147 | D:1      | 1147 ||| READING scroll labelled FUEVVUAFEM.
  1148 | D:1      | 1148 ||| READING scroll labelled YRODIV YQ RUNA.
  1149 | D:1      | 1149 ||| READING scroll labelled WODIUD NIERRUS.
  1150 | D:1      | 1150 ||| READING scroll labelled HYMAFR BEAXKI.
  1151 | D:1      | 1151 ||| READING 2 scrolls of identify.
  1151 | D:1      | 1151 ||| IDENTIFYING murky white potion
  2177 | D:2      | 2177 ||| UPGRADING to +0 scale mail.
  2187 | D:2      | 2187 ||| DROPPING +0 animal skin.
  2188 | D:2      | 2188 ||| UPGRADING to +0 chain mail.
  2198 | D:2      | 2198 ||| DROPPING +0 scale mail.
  2199 | D:2      | 2199 ||| READING scroll labelled CIKIRAKHAE.
  2200 | D:2      | 2200 ||| DRINKING 2 smoky grey potions.
  2201 | D:2      | 2201 ||| DRINKING 2 viscous puce potions.
  2202 | D:2      | 2202 ||| DROPPING potion of attraction.
  2203 | D:2      | 2203 ||| DROPPING potion of brilliance.
  2224 | D:3      | Reached XP level 4. HP: 39/39 MP: 3/3
  2228 | D:3      | Reached skill level 6 in Axes
  2241 | D:3      | Identified the +1 robe "Leoghyte" {rC- MP+9 SInv Archmagi}
  2352 | D:3      | Identified the +1 robe of Atrik {rPois rC++ Will+ Stlth-}
  2486 | D:3      | 2486 ||| Stepping ~*~*~tactically~*~*~ (stealth).
  2502 | D:3      | 2502 ||| INVOKING Berserk.
  2517 | D:3      | Reached XP level 5. HP: 41/45 MP: 4/4
  2681 | D:3      | Reached skill level 7 in Axes
  2989 | D:3      | 2989 ||| READING scroll labelled LUICIU NEM XUL.
  2990 | D:3      | 2990 ||| READING scroll labelled WAOTTAWATU.
  2994 | D:3      | 2994 ||| DRINKING 2 silvery potions.
  2995 | D:3      | 2995 ||| DRINKING 2 fuming grey potions.
  2996 | D:3      | 2996 ||| READING 2 scrolls of identify.
  2996 | D:3      | 2996 ||| IDENTIFYING lumpy silvery potion
  2997 | D:3      | 2997 ||| DROPPING potion of berserk rage.
  2998 | D:3      | 2998 ||| DROPPING potion of flight.
  3031 | D:4      | 3031 ||| Stepping ~*~*~tactically~*~*~ (stealth).
  3033 | D:4      | 3033 ||| Stepping ~*~*~tactically~*~*~ (stealth).
  3041 | D:4      | Found a snail-covered altar of Cheibriados.
  3043 | D:4      | 3043 ||| Stepping ~*~*~tactically~*~*~ (stealth).
  3050 | D:4      | Reached *** piety under Trog
  3051 | D:4      | 3051 ||| Stepping ~*~*~tactically~*~*~ (stealth).
  3057 | D:4      | 3057 ||| INVOKING Berserk.
  3207 | D:4      | Found a broken altar of Ashenzari.
  3390 | D:4      | Found a basalt altar of Yredelemnul.
  3444 | D:4      | Found a stormy altar of Qazlal.
  3489 | D:4      | Reached skill level 8 in Axes
  3489 | D:4      | Reached XP level 6. HP: 52/52 MP: 5/5
  3568 | D:4      | 3568 ||| DROPPING +0 whip.
  3708 | D:4      | 3708 ||| INVOKING Berserk.
  3863 | D:4      | 3863 ||| INVOKING Berserk.
  4055 | D:4      | Reached skill level 9 in Axes
  4150 | D:4      | Reached XP level 7. HP: 54/61 MP: 6/6
  4276 | D:4      | 4276 ||| INVOKING Berserk.
  4281 | D:4      | Reached skill level 3 in Armour
  4397 | D:4      | 4397 ||| Stepping ~*~*~tactically~*~*~ (hiding).
  4521 | D:4      | 4521 ||| READING 4 scrolls labelled UZACOGGEAKHLESYNU.
  4545 | D:4      | 4545 ||| INVOKING Berserk.
  4876 | D:4      | 4876 ||| READING scroll labelled QOTZANOLLY.
  4977 | D:4      | 4977 ||| READING 3 scrolls of identify.
  4977 | D:4      | 4977 ||| IDENTIFYING fuming silvery potion
  4978 | D:4      | 4978 ||| READING 2 scrolls of identify.
  4978 | D:4      | 4978 ||| IDENTIFYING golden potion
  4979 | D:4      | 4979 ||| DROPPING potion of lignification.
  4983 | D:5      | Entered Level 5 of the Dungeon
  4992 | D:5      | 4992 ||| INVOKING Berserk.
  4994 | D:5      | Reached skill level 10 in Axes
  5054 | D:5      | 5054 ||| Stepping ~*~*~tactically~*~*~ (stealth).
  5078 | D:5      | Found a burning altar of Makhleb.
  5078 | D:5      | Found an ornate altar of the Wu Jian Council.
  5137 | D:5      | Reached skill level 1 in Throwing
  5230 | D:5      | Found a staircase to the Ecumenical Temple.
  5244 | D:5      | 5244 ||| SWAPPING to +0 war axe of flaming.
  5245 | D:5      | 5245 ||| DROPPING +0 flail.
  5246 | D:5      | 5246 ||| DROPPING +1 hand axe of venom.
  5284 | D:5      | 5284 ||| INVOKING Berserk.
  5286 | D:5      | Reached skill level 6 in Fighting
  5286 | D:5      | Reached XP level 8. HP: 41/71 MP: 7/7
  5613 | D:5      | 5613 ||| Stepping ~*~*~tactically~*~*~ (hiding).
  5624 | D:5      | 5624 ||| Stepping ~*~*~tactically~*~*~ (stealth).
  5642 | D:5      | Identified the +1 ring mail of the King of the Hill {rN+}
  5738 | D:5      | Found an ancient bone altar of Kikubaaqudgha.
  5804 | D:5      | 5804 ||| Stepping ~*~*~tactically~*~*~ (stealth).
  5858 | D:5      | 5858 ||| Stepping ~*~*~tactically~*~*~ (stealth).
  5864 | D:5      | 5864 ||| INVOKING Berserk.
  6111 | D:5      | 6111 ||| UPGRADING to +6 ring of dexterity.
  6112 | D:5      | 6112 ||| READING 2 scrolls labelled FYNNEZY NINLOG.
  6113 | D:5      | 6113 ||| READING 3 scrolls of identify.
  6113 | D:5      | 6113 ||| IDENTIFYING sedimented green potion
  6114 | D:5      | 6114 ||| READING 2 scrolls of identify.
  6114 | D:5      | 6114 ||| IDENTIFYING cyan potion
  6115 | D:5      | 6115 ||| DROPPING scroll of vulnerability.
  6198 | D:6      | 6198 ||| FLEEEEING.
  6199 | D:6      | 6199 ||| FLEEEEING.
  6201 | D:6      | 6201 ||| FLEEEEING.
  6202 | D:6      | 6202 ||| FLEEEEING.
  6203 | D:6      | 6203 ||| FLEEEEING.
  6204 | D:6      | 6204 ||| FLEEEEING.
  6205 | D:6      | 6205 ||| STAIRDANCE
  6312 | D:6      | 6312 ||| STAIRDANCE
  6324 | D:6      | Reached **** piety under Trog
  6403 | D:6      | 6403 ||| Stepping ~*~*~tactically~*~*~ (stealth).
  6485 | D:6      | 6485 ||| INVOKING Berserk.
  6488 | D:6      | Reached skill level 11 in Axes
  6608 | D:6      | Found Xyjud's Self-Improvement Boutique.
  6764 | D:6      | 6764 ||| Stepping ~*~*~tactically~*~*~ (hiding).
  7237 | D:6      | 7237 ||| READING scroll labelled ZOUGENUO HUINN.
  7238 | D:6      | 7238 ||| DRINKING 2 purple potions.
  7239 | D:6      | 7239 ||| DROPPING potion of degeneration.
  7298 | D:7      | 7298 ||| Stepping ~*~*~tactically~*~*~ (stealth).
  7304 | D:7      | 7304 ||| Stepping ~*~*~tactically~*~*~ (stealth).
  7305 | D:7      | 7305 ||| Stepping ~*~*~tactically~*~*~ (stealth).
  7456 | D:7      | 7456 ||| READING scroll of enchant weapon.
  7456 | D:7      | 7456 ||| ENCHANTING +0 war axe of flaming.
  7496 | D:7      | Noticed Joseph
  7498 | D:7      | 7498 ||| Stepping ~*~*~tactically~*~*~ (hiding).
  7499 | D:7      | 7499 ||| Stepping ~*~*~tactically~*~*~ (hiding).
  7506 | D:7      | 7506 ||| INVOKING Berserk.
  7513 | D:7      | Killed Joseph
  7514 | D:7      | Reached skill level 12 in Axes
  7731 | D:7      | Found a hazy altar of Hepliaklqana.
  7775 | D:7      | 7775 ||| INVOKING Berserk.
  7890 | D:7      | 7890 ||| INVOKING Berserk.
  7895 | D:7      | Reached XP level 9. HP: 79/79 MP: 8/8
  7899 | D:7      | Reached skill level 3 in Dodging
  7904 | D:7      | HP: 16/79 [necrophage (4)]
  7905 | D:7      | 7905 ||| READING 2 scrolls of teleportation.
  8333 | D:7      | 8333 ||| INVOKING Berserk.
  8538 | D:7      | 8538 ||| UPGRADING to +4 ring of evasion.
  8539 | D:7      | 8539 ||| READING scroll labelled HISHRU ZO IKOTZ.
  8540 | D:7      | 8540 ||| READING scroll labelled QIMALE ZORUKAF.
  8541 | D:7      | 8541 ||| READING scroll of teleportation.
  8579 | D:8      | Reached skill level 13 in Axes
  8585 | D:8      | 8585 ||| INVOKING Berserk.
  8587 | D:8      | HP: 28/121 [centaur/arrow (4)]
  8591 | D:8      | HP: 13/121 [centaur/arrow (11)]
  8950 | D:8      | Found a shimmering blue altar of Sif Muna.
  9007 | D:8      | Found Favvaiff's Assorted Antiques.
  9223 | D:8      | 9223 ||| Stepping ~*~*~tactically~*~*~ (hiding).
  9304 | D:8      | 9304 ||| Stepping ~*~*~tactically~*~*~ (hiding).
  9307 | D:8      | 9307 ||| INVOKING Berserk.
  9473 | D:8      | 9473 ||| FLEEEEING.
  9570 | D:8      | Found a bloodstained altar of Trog.
  9784 | D:8      | 9784 ||| UPGRADING to +0 buckler.
  9789 | D:8      | 9789 ||| UPGRADING to +0 plate armour.
  9799 | D:8      | 9799 ||| DROPPING +0 chain mail.
  9800 | D:8      | 9800 ||| READING 3 scrolls of enchant armour.
  9800 | D:8      | 9800 ||| ENCHANTING +0 plate armour.
  9801 | D:8      | 9801 ||| DROPPING +2 scale mail of fire resistance.
  9802 | D:8      | 9802 ||| READING 2 scrolls of enchant armour.
  9802 | D:8      | 9802 ||| ENCHANTING +1 plate armour.
  9803 | D:8      | 9803 ||| READING scroll of enchant armour.
  9803 | D:8      | 9803 ||| ENCHANTING +2 plate armour.
  9845 | D:9      | 9845 ||| Stepping ~*~*~tactically~*~*~ (hiding).
  9847 | D:9      | 9847 ||| Stepping ~*~*~tactically~*~*~ (hiding).
  9848 | D:9      | 9848 ||| Stepping ~*~*~tactically~*~*~ (hiding).
  9852 | D:9      | 9852 ||| INVOKING Berserk.
  9859 | D:9      | 9859 ||| FLEEEEING.
  9860 | D:9      | 9860 ||| STAIRDANCE
  9997 | D:9      | Reached skill level 1 in Shields
 10007 | D:9      | 10007 ||| INVOKING Berserk.
 10016 | D:9      | Reached skill level 3 in Shields
 10190 | D:9      | Found a runed translucent door.
 10195 | D:9      | 10195 ||| Stepping ~*~*~tactically~*~*~ (hiding).
 10476 | D:9      | 10476 ||| FLEEEEING.
 10478 | D:9      | 10478 ||| FLEEEEING.
 10616 | D:9      | Reached XP level 10. HP: 84/88 MP: 9/9
 10647 | D:9      | Noticed a white ugly thing
 10652 | D:9      | 10652 ||| INVOKING Berserk.
 10656 | D:9      | Killed a white ugly thing
 10657 | D:9      | Reached skill level 6 in Armour
 10781 | D:9      | Noticed a manticore
 10782 | D:9      | 10782 ||| Stepping ~*~*~tactically~*~*~ (hiding).
 10786 | D:9      | 10786 ||| INVOKING Berserk.
 10786 | D:9      | Noticed a catoblepas
 10786 | D:9      | Noticed a death knight
 10791 | D:9      | Killed a manticore
 10792 | D:9      | Reached skill level 14 in Axes
 10798 | D:9      | Noticed a manticore
 10800 | D:9      | Killed a catoblepas
 10800 | D:9      | HP: 33/132 [death knight/+4 great mace (19)]
 10802 | D:9      | Killed a death knight
 10803 | D:9      | Reached skill level 15 in Axes
 10810 | D:9      | HP: 15/135 [manticore/volley of spikes (20)]
 10816 | D:9      | HP: 13/135 [tengu conjurer (3)]
 10816 | D:9      | Noticed Pikel
 10820 | D:9      | Killed a manticore
 10821 | D:9      | Reached skill level 9 in Fighting
 10822 | D:9      | 10822 ||| READING scroll of teleportation.
 10822 | D:9      | Killed from afar by a tengu conjurer

Levels and vault maps discovered:
D:1:      spicycebolla_arrival_transporter_tutorial, layout_rooms,
          hellmonk_ecumenical_altar_zigzags, hex_tiny, grunt_decor_cap,
          minivault_23, dreamdust_princess_corridor, hangedman_decor_push,
          kennysheep_crisscross
D:2:      layout_loops_corners, minmay_misc_feat_hallway, minmay_domino_2
D:3:      layout_loops_ring
D:4:      minmay_polygon_palace, layout_basic, lemuel_doored_altar,
          mainiacjoe_overflow_catch_the_wave, mainiacjoe_overflow_tiny_flanked,
          guppyfry_early_lair_pool
D:5:      layout_loops_ring, mainiacjoe_overflow_24_doors,
          mainiacjoe_overflow_large_starburst, minmay_temple_entry_large_hall,
          wad_floor_pattern_untrapped
D:6:      layout_gridville, nicolae_shop_self_help
D:7:      layout_cave_pools, mainiacjoe_overflow_catwalk, uniq_joseph
D:8:      layout_basic, lemuel_round_altar, mainiacjoe_overflow_brackets,
          serial_shops, shop_statue
D:9:      minmay_the_grid_four_pointed_star [minmay_the_grid_triangle_9x9_sprig,
          minmay_the_grid_triangle_9x9_subtriangle,
          minmay_the_grid_triangle_9x9_from_above,
          minmay_the_grid_triangle_9x9_warning,
          minmay_the_grid_prize_inner_circle], layout_long_grid, fedhas_altar_1,
          nemelex_diamond_rough_becter, david_orc_5, uniq_pikel

Skill      XL: |  1  2  3  4  5  6  7  8  9 10 |
---------------+-------------------------------+-----
Axes           | 4 5 6 8 9 10 12 13 15 | 15.4
Fighting       | 4 5 6 7 8 9 |  9.6
Armour         | 3 4 5 6 |  6.6
Throwing       | 1 |  1.2
Dodging        | 3 |  3.3
Shields        | 4 5 |  5.2

Action                   |  1- 3 |  4- 6 |  7- 9 | 10-12 || total
-------------------------+-------+-------+-------+-------++-------
Melee: Hand axe          |    97 |   109 |    46 |       ||   252
       Headbutt          |    10 |    15 |    36 |     8 ||    69
       Punch             |     1 |       |     5 |       ||     6
       War axe           |       |       |   190 |    41 ||   231
Throw: Boomerang         |       |    25 |    19 |       ||    44
Invok: Berserk           |       |     4 |    14 |     2 ||    20
  Use: Scroll            |     7 |     3 |    16 |     1 ||    27
       Potion            |     2 |     2 |     1 |       ||     5
Armor: Animal skin       |     9 |       |       |       ||     9
       Chain mail        |     1 |    34 |    56 |       ||    91
       Plate armour      |       |       |    19 |    11 ||    30
Dodge: Dodged            |    38 |    26 |    99 |    13 ||   176
Block: Other             |     5 |    22 |    37 |       ||    64
       Reflection        |       |     2 |     6 |     2 ||    10
       Buckler           |       |       |    27 |    16 ||    43

Table legend:
 A = Non-vault XP
 B = Vault XP
 C = Vault XP percentage of total XP
 D = Non-vault monster count
 E = Vault monster count
 F = Vault count percentage of total count
                 A         B        C        D         E       F
            +---------+---------+-------+---------+---------+-------
      Total |    4864 |    4935 |  50.4 |     180 |      31 |  14.7
            +---------+---------+-------+---------+---------+-------
        D:1 |      56 |       0 |   0.0 |      33 |       0 |   0.0
        D:2 |      38 |       2 |   5.0 |      16 |       1 |   5.9
        D:3 |     113 |       0 |   0.0 |      20 |       0 |   0.0
        D:4 |     534 |     288 |  35.0 |      25 |      20 |  44.4
        D:5 |     675 |       0 |   0.0 |      21 |       0 |   0.0
        D:6 |     225 |       0 |   0.0 |      10 |       0 |   0.0
        D:7 |     901 |     471 |  34.3 |      14 |       1 |   6.7
        D:8 |    1193 |       0 |   0.0 |      23 |       0 |   0.0
        D:9 |    1129 |    4174 |  78.7 |      18 |       9 |  33.3
            +---------+---------+-------+---------+---------+-------
